Map: Prion Terraces

Players

LilDicky

  • Race: Terran Terran
  • League: Diamond

Vult - Winner!

  • Race: Zerg Zerg
  • League: Diamond

VOD

http://www.twitch.tv/tumescentpie

Description

Time

  • Played on: Nov. 25, 2015, 11:21 p.m.
  • Length: 6:12
Show
View Real Time Build Order
Export as new Build Order

LilDicky Terran 

Build Orders:  

Get SALT Encoding   

  12  0:01  SCV  
  13  0:13  SCV  
  14  0:18  Supply Depot  
  14  0:27  SCV  
  15  0:41  SCV, Refinery  
  16  0:45  Barracks  
  16  0:54  SCV  
  17  1:06  SCV  
  18  1:18  SCV  
  20  1:34  Reaper  
  20  1:37  Command Center  
  20  1:46  Orbital Command  
  20  2:06  Reaper  
  20  2:08  Refinery  
  21  2:11  Supply Depot  
  21  2:14  SCV  
  22  2:33  Factory  
  22  2:35  SCV  
  23  2:39  Barracks Reactor  
  23  2:47  SCV  
  24  2:51  Barracks  
  24  2:55  Barracks  
  22  3:04  SCV  
  23  3:33  Hellion  
  23  3:34  Hellion  
  27  3:35  Orbital Command  
  27  3:39  Barracks Tech Lab  
  27  3:40  Barracks Tech Lab  
  27  3:41  Starport  
  27  3:54  Barracks Tech Lab  
  27  3:56  SCV  
  27  3:57  Hellion x2  
  27  3:59  Stimpack  
  32  4:21  SCV  
  32  4:23  Marine x2  
  37  4:24  Starport Tech Lab, Marauder  
  37  4:26  Orbital Command  
  37  4:40  SCV, Concussive Shells  
  37  4:41  Marauder, Marine  
  41  4:52  SCV x2  
  43  4:54  Marauder  
  45  5:04  SCV  
  46  5:08  Refinery  
  46  5:09  Refinery  
  46  5:43  Supply Depot x2  
  46  5:44  Supply Depot  
  46  6:00  SCV x2  
Show
View Real Time Build Order
Export as new Build Order

Vult Zerg - Winner!

Build Orders: Pool First 

Get SALT Encoding   

  12  0:03  Drone  
  13  0:11  Drone  
  14  0:34  Spawning Pool  
  14  0:35  Drone  
  14  0:43  Overlord  
  14  0:47  Drone, Extractor  
  15  1:02  Drone x2  
  17  1:19  Hatchery  
  17  1:22  Extractor  
  15  1:28  Queen  
  17  1:33  Zergling x2  
  18  1:42  Zergling x2  
  18  1:43  Zergling x2  
  20  1:56  Drone x2  
  22  2:07  Overlord  
  21  2:25  Queen  
  23  2:37  Queen  
  23  2:43  Drone  
  29  2:44  Drone x6  
  32  3:17  Roach Warren  
  31  3:20  Extractor  
  30  3:28  Drone  
  30  3:29  Drone x5  
  36  3:48  Overlord  
  36  3:49  Overlord x2  
  36  3:50  Metabolic Boost  
  36  3:52  Lair  
  35  4:15  Roach x7  
  48  4:27  Drone x6  
  55  4:52  Drone  
  55  4:53  Drone x4  
  59  5:02  Spire  
  59  5:03  Hatchery  
  59  5:05  Extractor x2  
  55  5:24  Roach x2  
  55  5:25  Overlord  
  55  5:26  Overlord x2  
  59  5:49  Drone x7  
Tags
 
Add a new tag
Caveats
  • Supply blocks, unpowered buildings, or Contaminate may cause inaccurate times.
  • Supply counts are checked every 10 seconds.